 Dungeon Crawl Stone Soup version 0.19.5 (webtiles) character file.

37 pimpchat the Caller (level 3, -6/24 HPs)
             Began as a Merfolk Summoner on May 4, 2017.
             Mangled by Grinder (10 damage)
             ... on level 3 of the Dungeon.
             The game lasted 00:13:48 (1820 turns).

pimpchat the Caller (Merfolk Summoner)              Turns: 1820, Time: 00:13:49

Health: -6/24      AC:  3    Str:  8    XL:     3   Next: 41%
Magic:  1/6        EV: 15    Int: 15    God:
Gold:   67         SH:  0    Dex: 14    Spells: 2 memorised, 3 levels left

rFire  . . .     SeeInvis .     d - +0 spear
rCold  . . .     Gourm    .     a - +1 robe
rNeg   . . .     Faith    .     (no shield)
rPois  .         Spirit   .     (no helmet)
rElec  .         Reflect  .     (no cloak)
rCorr  .         Harm     .     (no gloves)
MR     .....                    (no boots)
Stlth  ++........               (no amulet)
                                (no ring)
                                i - ring of wizardry

@: no status effects
A: change form in water, swift swim, stealthy swim, repulsion field 1
a: no special abilities


You were on level 3 of the Dungeon.
You were not hungry.

You visited 1 branch of the dungeon, and saw 3 of its levels.

You collected 67 gold pieces.

Inventory:

Hand Weapons
 d - a +0 spear (weapon)
Missiles
 l - 15 arrows
Armour
 a - a +1 robe (worn)
Jewellery
 i - a ring of wizardry (left hand)
Wands
 f - a wand of iceblast (8/15)
Scrolls
 e - a scroll of remove curse
 g - a scroll of enchant armour
 j - a scroll of enchant weapon
Potions
 h - a potion of heal wounds
 k - a potion of curing
 m - 2 potions of magic {unknown}
Books
 b - a book of Callings

   Spells                             Type                      Level
   a - Summon Small Mammal            Summoning                    1
   b - Call Imp                       Summoning                    2
   c - Call Canine Familiar           Summoning                    3
   d - Summon Guardian Golem          Hexes/Summoning              3
   e - Summon Lightning Spire         Summoning/Air                4
   f - Summon Ice Beast               Ice/Summoning                4
Comestibles
 c - a bread ration


   Skills:
 + Level 1.1 Polearms
 + Level 3.0 Dodging
 + Level 2.1 Stealth
 + Level 2.3 Spellcasting
 + Level 4.6 Summonings


You had 3 spell levels left.
You knew the following spells:

 Your Spells              Type           Power        Failure   Level  Hunger
a - Summon Small Mammal   Summ           ###.         1%          1    #......
b - Call Imp              Summ           ###.....     2%          2    ###....


Dungeon Overview and Level Annotations

Branches:
Dungeon (3/15)

Altars:

Annotations:
D:3 Grinder


Innate Abilities, Weirdness & Mutations

You revert to your normal form in water.
You are very nimble and swift while swimming.
You are very stealthy in the water. (Stealth+)
You are surrounded by a mild repulsion field. (EV +2)


Message History

Your crimson imp blinks!
You hit the adder.
The adder is lightly wounded.
Your shadow imp barely misses Grinder.
The adder bites you.
You hit the adder.
The adder is moderately wounded.
The adder bites you. Grinder hits you.
You writhe in agony.
Your white imp misses the adder.
Your shadow imp hits Grinder.
The adder misses you. The gnoll hits you but does no damage.
Your white imp misses the adder.
The adder misses your white imp.
Your white imp closely misses the adder.
Your crimson imp hits the gnoll.
The gnoll hits you with a club.
* * * LOW HITPOINT WARNING * * *
Your white imp closely misses the adder.
Your crimson imp hits the gnoll but does no damage.
Your shadow imp hits the gnoll.
The gnoll barely misses your white imp.
Your white imp closely misses the gnoll.
Grinder hits you!
You die...

#>........
#........
#......# #......#
#####...gg.#
......5.55.#
........gg.#
.......5S..#
........@..#
...........#
#...####...#
#.######...#
######.#....#...#
#...........#...#
#.......<...#...#
#...........#...#
#...........#...#


You could see Grinder, 4 gnolls, an adder, a friendly crimson imp, a friendly
white imp and a friendly shadow imp.

Vanquished Creatures
  A dart slug (D:2)
  A bat (D:2)
  2 goblins (D:2)
  A jackal (D:2)
  A kobold (D:1)
  A frilled lizard (D:1)
  3 rats
  A plant (D:2)
11 creatures vanquished.

Vanquished Creatures (collateral kills)
  A worm (D:2)
  2 dart slugs (D:2)
  2 leopard geckos (D:2)
  A giant cockroach (D:1)
  5 goblins
  5 hobgoblins
  A jackal (D:2)
  A ball python (D:3)
  3 bats
  2 kobolds (D:1)
  3 rats
26 creatures vanquished.

Grand Total: 37 creatures vanquished

Notes
Turn   | Place    | Note
-------+----------+-------------------------------------------
     0 | D:1      | pimpchat the Merfolk Summoner began the quest for the Orb.
     0 | D:1      | Reached XP level 1. HP: 13/13 MP: 3/3
    49 | D:1      | Gained mutation: Your spells are a little easier to cast, but a little less powerful. [potion of mutation]
    49 | D:1      | Gained mutation: You are surrounded by a mild repulsion field. (EV +2) [potion of mutation]
    49 | D:1      | Lost mutation: Your spells are a little easier to cast, but a little less powerful. [potion of mutation]
   269 | D:1      | Reached XP level 2. HP: 18/19 MP: 1/5
   960 | D:2      | Learned a level 2 spell: Call Imp
  1267 | D:2      | Reached XP level 3. HP: 24/24 MP: 3/6
  1477 | D:2      | Reached skill level 1 in Polearms
  1807 | D:3      | Noticed Grinder
  1820 | D:3      | Mangled by Grinder

Skill      XL: |  1  2  3 |
---------------+----------+-----
Polearms       | 1 |  1.1
Dodging        | 3 |  3.0
Stealth        | |  2.1
Spellcasting   | |  2.3
Summonings     | |  4.6

Action                   || total
-------------------------++-------
Melee: Unarmed           ||     8
       Spear             ||   178
 Cast: Summon Small Mamm ||    42
       Call Imp          ||    25
  Use: Potion            ||     6
       Scroll            ||     6
  Eat: Bread ration      ||     2
Armor: Robe              ||    18
Dodge: Dodged            ||    74
